 Dungeon Crawl Stone Soup version 0.30-a0-368-g86fb4627a9 (webtiles) character file.

Game seed: 8231739235170750784

429 hikkokomori the Firebug (level 6, 0/32 HPs)
             Began as a Deep Elf Fire Elementalist on Nov 20, 2022.
             Slain by Eustachio
             ... wielding a +0 rapier
              (5 damage)
             ... on level 4 of the Dungeon.
             The game lasted 00:05:28 (2667 turns).

hikkokomori the Firebug (DEFE)                      Turns: 2667, Time: 00:05:29

Health: 0/32       AC:  3    Str:  5      XL:     6   Next: 66%
Magic:  1/17       EV: 12    Int: 22      God:
Gold:   152        SH:  0    Dex: 14 (15) Spells: 14/17 levels left

rFire   . . .      SeeInvis .    n - +0 dagger
rCold   . . .      Faith    .    (no shield)
rNeg    . . .      Spirit   .    a - +0 robe
rPois   .          Reflect  .    (no helmet)
rElec   .          Harm     .    (no cloak)
rCorr   .          Rampage  .    (no gloves)
Will    .....                    g - +0 pair of boots
Stlth   ++........               (no amulet)
HPRegen 0.25/turn                (no ring)
MPRegen 0.15/turn                (no ring)

@: no status effects
A: no striking features
a: no special abilities


You were on level 4 of the Dungeon.
You visited 1 branch of the dungeon, and saw 4 of its levels.

You collected 152 gold pieces.

Inventory:

Hand Weapons
 e - a +0 war axe
 n - a +0 dagger (weapon)
Armour
 a - a +0 robe (worn)
 g - a +0 pair of boots (worn)
Magical Staves
 m - a staff of air
Jewellery
 r - an amulet of the acrobat
Wands
 q - a wand of flame (14)
Scrolls
 c - 2 scrolls of summoning {unknown}
 d - 2 scrolls of fog {unknown}
 h - 2 scrolls of teleportation {unknown}
 k - 2 scrolls of magic mapping {unknown}
 l - 3 scrolls of blinking {unknown}
 p - 3 scrolls of identify {unknown}
 t - a scroll of brand weapon {unknown}
 u - a scroll of silence {unknown}
 w - a scroll of fear {unknown}
Potions
 b - a potion of magic
 f - 4 potions of curing {unknown}
 i - a potion of invisibility {unknown}
 j - a potion of heal wounds {unknown}
 o - 2 potions of might
 s - a potion of brilliance {unknown}
 v - a potion of degeneration {unknown}


   Skills:
 - Level 2.4 Dodging
 + Level 3.7 Stealth
 + Level 6.2 Spellcasting
 - Level 1.1 Conjurations
 + Level 6.4 Fire Magic


You had 14 spell levels left.
You knew the following spells:

 Your Spells              Type           Power      Damage    Failure   Level
a - Foxfire               Conj/Fire      92%        2x1d8     1%          1
b - Scorch                Fire           70%        2d8       1%          2

Your spell library contained the following spells:

 Spells                   Type           Power      Damage    Failure   Level
 Inner Flame              Hex/Fire       21%        N/A       7%          3
 Sting                    Tmut/Pois      24%        1d4       9%          1
 Kindle Blastsparks       Fire/Tloc/Air  32%        2d12      11%         3
 Poisonous Vapours        Pois/Air       12%        N/A       14%         2
 Flame Wave               Conj/Fire      23%        2d8       19%         4
 Olgreb's Toxic Radiance  Pois           6%         N/A       65%         4


Dungeon Overview and Level Annotations

Branches:
Dungeon (4/15)
 Temple: D:4-7

Altars:

Annotations:
D:4 Eustachio


Message History

Flames lash the quasit.
You kill the quasit!
The quasit disappears in a puff of smoke!
You can't see any susceptible monsters within range! (Use Z to cast anyway.) Unknown command.
Eustachio is no longer more vulnerable to fire.
Flames lash Eustachio but do no damage.
Casting: Scorch (safe; 1% risk of failure)
Confirm with . or Enter, or press ? or * to list all spells.
You conjure some foxfire!
Eustachio hits you with a +0 rapier.
You barely miss Eustachio.
Eustachio is moderately wounded.
The foxfire hits Eustachio.
Eustachio is heavily wounded.
Eustachio hits you with a +0 rapier.
Unknown command.
The foxfire hits Eustachio but does no damage.
Eustachio is heavily wounded.
Eustachio hits you with a +0 rapier.
You hit Eustachio.
Eustachio is heavily wounded.
Eustachio hits you with a +0 rapier.
Unknown command.
You hit Eustachio.
Eustachio is heavily wounded.
Eustachio gestures wildly while chanting.
Unknown command.
Eustachio hits you but does no damage. The shadow imp gestures at you.
You struggle to resist.
Aiming: Throw Flame
Press: ? - help, Shift-Dir - straight line, f - Eustachio
Aim: Eustachio, wielding a +0 rapier and wearing a +0 leather armour (heavily wounded, 56% to hit)
The puff of flame hits Eustachio.
Eustachio is heavily wounded.
Eustachio hits you with a +0 rapier!
* * * LOW HITPOINT WARNING * * *
Unknown command.
Eustachio attacks as you move away! Eustachio hits you with a +0 rapier.
You die...

#..............#.....##
#.....................
#.#....(...##........ #.
..#..##.>........... ...
......#......>.....##....
.........................
...........##...5........
.......)......##.@.......
..)..........###@###.##..
.............# #.##
..).##.....#####..#
....##.....####...#
...####.....#.....# ###.
.....##........#...# #..(
###..###.##.####..### #..
# ..# #..#######...# #.##
####.#
#....##.##...####..#


You could see Eustachio and a shadow imp (summoned).

Vanquished Creatures
  Sigmund (D:3)
  A hound (D:4)
  A jelly (D:4)
  3 orc priests (D:4)
  An orc wizard (D:4)
  3 adders
  A worm (D:2)
  3 dart slugs
  8 orcs
  2 endoplasms
  2 giant cockroaches
  5 goblins
  4 hobgoblins
  3 quokkas
  4 ball pythons
  5 bats
  2 frilled lizards
  11 kobolds
  6 rats
66 creatures vanquished.

Vanquished Creatures (others)
  33 foxfires
  A plant (D:1)
34 creatures vanquished.

Grand Total: 100 creatures vanquished

Notes
Turn   | Place    | Note
-------+----------+-------------------------------------------
     0 | D:1      | hikkokomori the Deep Elf Fire Elementalist began the quest
                  | for the Orb.
     0 | D:1      | Reached XP level 1. HP: 10/10 MP: 6/6
   240 | D:1      | Reached XP level 2. HP: 15/15 MP: 8/8
   523 | D:1      | Found a faded altar of an unknown god.
   748 | D:2      | Learned a level 2 spell: Scorch
   874 | D:2      | Reached XP level 3. HP: 18/19 MP: 4/9
  1523 | D:3      | Noticed Sigmund
  1615 | D:3      | Killed Sigmund
  1616 | D:3      | Reached skill level 5 in Spellcasting
  1616 | D:3      | Reached skill level 5 in Fire Magic
  1616 | D:3      | Reached XP level 4. HP: 24/24 MP: 7/13
  1616 | D:3      | Reached XP level 5. HP: 28/28 MP: 7/14
  1996 | D:4      | Reached XP level 6. HP: 26/32 MP: 5/16
  2646 | D:4      | Noticed Eustachio
  2667 | D:4      | Slain by Eustachio

Illustrated notes

Levels and vault maps discovered:
D:1:      wander_arrival_chamber, layout_rooms,
          shapermc_ecumenical_altar_mp_urbaneastern, minmay_pentomino_q2
D:2:      layout_rooms, minmay_close_crescents
D:3:      layout_basic, uniq_sigmund
D:4:      layout_cave_pools, serial_bayou, serial_bayou_lagoon_b,
          serial_bayou_shore_b, serial_bayou_pond_c, serial_bayou_crossing,
          serial_bayou_pond_a, serial_bayou_pond_c, uniq_eustachio

Skill      XL: |  1  2  3  4  5  6 |
---------------+-------------------+-----
Fire Magic     | 4 5 6 |  6.4
Spellcasting   | 5 6 |  6.2
Stealth        | 3 |  3.7
Dodging        | |  2.4
Conjurations   | |  1.1

Action                   |  1- 3 |  4- 6 || total
-------------------------+-------+-------++-------
Melee: War axe           |    32 |       ||    32
       Dagger            |     3 |    26 ||    29
 Cast: Foxfire           |    19 |     2 ||    21
       Scorch            |    23 |    39 ||    62
Evoke: Wand              |     1 |     1 ||     2
  Use: Potion            |     1 |       ||     1
 Stab: Sleeping          |     5 |       ||     5
       Distracted        |       |     1 ||     1
Armor: Robe              |    11 |    11 ||    22
Dodge: Dodged            |    21 |    29 ||    50

Table legend: (Time is in decaauts)
 A = Elapsed time spent in this place.
 B = Non-inter-level travel time spent in this place.
 C = Inter-level travel time spent in this place.
 D = Time resting spent in this place.
 E = Time spent auto-exploring this place.
 F = Levels seen in this place.
 G = Mean time per level.
                   A        B        C        D        E       F      G
               +--------+--------+--------+--------+--------+-----+--------+
         Total |   2693 |   2628 |     65 |     51 |   2120 |   4 |  673.2 |
       Dungeon |   2693 |   2628 |     65 |     51 |   2120 |   4 |  673.2 |
               +--------+--------+--------+--------+--------+-----+--------+

Top non-repeatable levels by time:
     D:4: 804 daAuts
     D:3: 671 daAuts
     D:2: 627 daAuts
     D:1: 590 daAuts
